 Dungeon Crawl Stone Soup version 0.26-a0-778-g3fe0686644 (webtiles) character file.

Game seed: 257389110713785774

102 marklar909 the Ruffian (level 4, -1/35 HPs)
             Began as a Draconian Transmuter on Nov 9, 2020.
             Was an Initiate of Sif Muna.
             Slain by a killer bee (9 damage)
             ... on level 2 of the Dungeon.
             The game lasted 00:03:17 (2990 turns).

marklar909 the Ruffian (Draconian Transmuter)       Turns: 2990, Time: 00:03:17

Health: -1/35      AC:  5    Str: 11 (13) XL:     4   Next: 49%
Magic:  7/8        EV: 12    Int: 13 (14) God:    Sif Muna [......]
Gold:   107        SH:  5    Dex: 11      Spells: 2/8 levels left

rFire    . . .     SeeInvis .     - Unarmed
rCold    . . .     Faith    .   (no shield)
rNeg     . . .     Spirit   .   (armour unavailable)
rPois    .         Reflect  +   (helmet currently unavailable)
rElec    .         Harm     .   (no cloak)
rCorr    .         Rampage  .   (no gloves)
MR       .....                  (boots currently unavailable)
Stlth    +.........             k - amulet of reflection
HPRegen  0.11/turn              (no ring)
MPRegen  0.11/turn              (no ring)

@: lethally poisoned (-1 -> -11), appendages
A: unfitting armour, horns 2, talons 2, cold-blooded, AC +5
a: End Transformation, Renounce Religion


You were on level 2 of the Dungeon.
You worshipped Sif Muna.
Sif Muna was noncommittal.
You had grown temporary horns.
You had grown temporary talons.
You visited 1 branch of the dungeon, and saw 3 of its levels.

You collected 107 gold pieces.

Inventory:

Jewellery
 k - an amulet of reflection (around neck)
Scrolls
 b - 2 scrolls of fog
 d - a scroll of amnesia
 e - a scroll of immolation
 f - a scroll of remove curse {unknown}
 g - a scroll of identify
 h - a scroll of teleportation {unknown}
 i - a scroll of enchant weapon {unknown}
 j - a scroll of enchant armour {unknown}


   Skills:
 + Level 1.5 Fighting
 + Level 2.1 Dodging
 + Level 0.2 Stealth
 + Level 3.9 Unarmed Combat
 + Level 2.9 Spellcasting
 + Level 2.6 Transmutations


You had 2 spell levels left.
You knew the following spells:

 Your Spells              Type           Power        Failure   Level
a - Beastly Appendage     Tmut           #.....       8%          1
b - Wereblood             Tmut           #.......     12%         2
c - Spider Form           Tmut/Pois      #.........   38%         3

Your spell library contained the following spells:

 Spells                   Type           Power        Failure   Level
 Ice Form                 Ice/Tmut       #.......     80%         4
 Blade Hands              Tmut           #.........   91%         5


Dungeon Overview and Level Annotations

Branches:
Dungeon (3/15)

Altars:
Hepliaklqana
Sif Muna
The Shining One


Innate Abilities, Weirdness & Mutations

Your plain brown scales are hard. (AC +5)
You cannot fit into any form of body armour.
You are cold-blooded and may be slowed by cold attacks.
You have a pair of horns on your head.
You have razor-sharp toenails.


Message History

You block the killer bee's attack.
Unknown command.
You hit the orc wizard.
The orc wizard is almost dead.
The killer bee stings you but does no damage.
You block the orc wizard's attack. The killer bee stings you.
You are more poisoned.
The killer bee poisons you!
Unknown command.
You closely miss the killer bee.
You feel sick. You block the killer bee's attack.
You block the orc wizard's attack.
Unknown command.
You aren't carrying any potions.
Unknown command.
You hit the orc wizard but do no damage.
The orc wizard is almost dead.
You feel sick. The killer bee stings you.
* * * LOW HITPOINT WARNING * * *
The killer bee stings you!
You die...

##.##.#..# #.# #.##....# #.##
######### #..##.#.# #...
........# ##..)...# #...
..<..<(.#########..###########...
............................##...
..........######...########....#.
........#.# ####.!## ####.._
........#.###..y@.# #.#.
#########..##.###o# #...
##....###.######## #...
##...#..).......# #...
####.#............# ####
#....###..........# ######
#..........# #.......#..#
#.....#....#


You could see a killer bee and an orc wizard.

Vanquished Creatures
  An orc wizard (D:2)
  2 adders (D:2)
  2 oozes
  A worm (D:3)
  2 dart slugs (D:2)
  2 leopard geckos
  2 giant cockroaches
  9 goblins
  2 hobgoblins
  4 jackals (D:3)
  4 bats
  2 frilled lizards (D:2)
  3 kobolds (D:1)
  4 rats
40 creatures vanquished.

Notes
Turn   | Place    | Note
-------+----------+-------------------------------------------
     0 | D:1      | marklar909 the Draconian Transmuter began the quest for the
                  | Orb.
     0 | D:1      | Reached XP level 1. HP: 16/16 MP: 3/3
   202 | D:1      | Reached XP level 2. HP: 21/23 MP: 3/5
   964 | D:2      | Found a glowing golden altar of the Shining One.
  1000 | D:2      | Learned a level 2 spell: Wereblood
  1043 | D:2      | Reached XP level 3. HP: 28/28 MP: 4/6
  1184 | D:2      | Found a shimmering blue altar of Sif Muna.
  1264 | D:2      | Became a worshipper of Sif Muna the Loreminder
  1361 | D:2      | Found a hazy altar of Hepliaklqana.
  1599 | D:3      | Learned a level 3 spell: Spider Form
  1721 | D:3      | Noticed a killer bee
  2185 | D:2      | Reached XP level 4. HP: 15/35 MP: 8/8
  2990 | D:2      | Slain by a killer bee

Illustrated notes

Levels and vault maps discovered:
D:1:      lemuel_arrival_hallway, layout_basic, serial_forest,
          infiniplex_forest_straight_4, infiniplex_forest_lined_corner,
          infiniplex_forest_lined_corner, infiniplex_forest_clump_diagonal,
          infiniplex_forest_lined_corner, infiniplex_forest_zigzag_1,
          infiniplex_forest_end_2, infiniplex_forest_lined_ring,
          infiniplex_forest_straight_2
D:2:      layout_rooms, tso_metal_star, lemuel_crystal_altar, corexii_shack,
          minmay_misc_feat_pillars, led_sif_pool
D:3:      layout_loops_ring, grunt_ministairs_13

Skill      XL: |  1  2  3 |
---------------+----------+-----
Dodging        | 2 |  2.1
Fighting       | |  1.5
Stealth        | |  0.2
Unarmed Combat | |  3.9
Spellcasting   | |  2.9
Transmutations | |  2.6

Action                   |  1- 3 |  4- 6 || total
-------------------------+-------+-------++-------
Melee: Unarmed           |   112 |    19 ||   131
       Kick              |    22 |       ||    22
       Headbutt          |     8 |     3 ||    11
       Tailslap          |     6 |     1 ||     7
 Cast: Beastly Appendage |    25 |     2 ||    27
       Wereblood         |     2 |     1 ||     3
  Use: Potion            |     2 |       ||     2
       Scroll            |       |     4 ||     4
 Stab: Sleeping          |       |     1 ||     1
Armor: Skin              |    49 |     9 ||    58
Dodge: Dodged            |    58 |    17 ||    75
Block: Other             |       |     7 ||     7

Table legend: (Time is in decaauts)
 A = Elapsed time spent in this place.
 B = Non-inter-level travel time spent in this place.
 C = Inter-level travel time spent in this place.
 D = Time resting spent in this place.
 E = Time spent auto-exploring this place.
 F = Levels seen in this place.
 G = Mean time per level.
                   A        B        C        D        E       F      G
               +--------+--------+--------+--------+--------+-----+--------+
         Total |   2986 |   2858 |    128 |   1046 |   1436 |   3 |  995.3 |
       Dungeon |   2986 |   2858 |    128 |   1046 |   1436 |   3 |  995.3 |
               +--------+--------+--------+--------+--------+-----+--------+

Top non-repeatable levels by time:
     D:2: 1894 daAuts
     D:1: 892 daAuts
     D:3: 199 daAuts
